 Dungeon Crawl Stone Soup version bcrawl-1.27.5 (webtiles) character file.

Game seed: 3705250009584818273

13270089 Faustar the Grappler (level 16, 0/165 HPs)
             Began as a Troll Monk on Aug 15, 2020.
             Was the Champion of Dithmenos.
             Slain by Agnes
             ... wielding a +3 vampiric lajatang
              (9 damage)
             ... on level 2 of the Lair of Beasts on Aug 16, 2020.
             The game lasted 01:15:43 (20706 turns).

Faustar the Grappler (Troll Monk)                  Turns: 20706, Time: 01:15:43

Health: 0/165      AC: 21    Str: 32    XL:     16   Next: 0%
Magic:  13/22      EV: 14    Int:  7    God:    Dithmenos [******]
Gold:   2589       SH: 18    Dex: 13    Spells: 15/15 levels left

rFire    . . .     SeeInvis +     - Claws (42.3)
rCold    + + +     Gourm    +   a - +1 medium shield {AC+3}
rNeg     + + +     Faith    .   (armour unavailable)
rPois    ∞         Spirit   .   V - +2 hat {SInv}
rElec    .         Reflect  +   (no cloak)
rCorr    .         Harm     .   (gloves unavailable)
MR       +++++                  (boots unavailable)
Stlth    ++++......             o - +5 amulet of reflection
HPRegen  1.17/turn              I - ring of Irikau {rC++ AC+5}
MPRegen  0.18/turn              u - ring of poison resistance

@: mighty, about to teleport, shadow-form (expiring), wreathed by umbra,
studying Dodging, drained, invisible (expiring)
A: large, almost no armour, claws 3, cold resistance 1, fast metabolism 3,
gourmand, regeneration 2, AC +11
}: 1/15 runes: decaying
a: End Transformation, Shadow Step, Shadow Form, Renounce Religion


You were on level 2 of the Lair of Beasts.
You worshipped Dithmenos.
Dithmenos was exalted by your worship.
You were not hungry.
You were a swirling mass of dark shadows.
You visited 6 branches of the dungeon, and saw 22 of its levels.
You also visited: Ice Cave.

You collected 2589 gold pieces.

Inventory:

Hand Weapons
 J - the +8 trident of the Octopus King {venom, rElec rPois MR+}
   (You found it on level 7 of the Dungeon)

   It poisons the flesh of those it strikes.
   It insulates you from electricity.
   It protects you from poison.
   It affects your resistance to hostile enchantments.
Armour
 a - a +1 medium shield of protection (worn)
 L - a +0 large shield
 Q - a +0 cloak
 V - a +2 hat of see invisible (worn)
Jewellery
 b - an uncursed amulet of guardian spirit
 i - an uncursed ring of see invisible
 o - a +5 amulet of reflection (around neck)
 p - an uncursed ring of protection from fire
 s - an uncursed ring of protection from cold
 u - a ring of poison resistance (right claw)
 E - an uncursed ring of stealth
 G - a +6 ring of dexterity
 H - a +6 ring of protection
 I - the ring of Irikau (left claw) {rC++ AC+5}
   (You found it on level 5 of the Lair of Beasts)

   [ring of protection]

   It affects your AC (+5).
   It greatly protects you from cold.
 S - an uncursed ring of ice
 Y - an uncursed ring of insulation
Wands
 v - a wand of disintegration (20)
 y - a wand of iceblast (13)
 z - a wand of digging (3)
 C - a wand of paralysis (17)
 M - a wand of flame (32)
 N - a wand of acid (4)
 U - a wand of enslavement (11)
Scrolls
 c - 5 scrolls of remove curse
 h - 4 scrolls of fog
 k - 3 scrolls of teleportation
 m - 5 scrolls of fear
 n - 4 scrolls of enchant armour
 r - 3 scrolls of amnesia
 B - 7 scrolls of magic mapping
 K - a scroll of identify
 O - a scroll of blinking
 P - a scroll of silence
 R - 2 scrolls of brand weapon
 T - a scroll of enchant weapon
 Z - a scroll of summoning
Potions
 d - 4 potions of flight
 f - 10 potions of curing
 g - a potion of invisibility
 j - a potion of haste
 q - 2 potions of brilliance
 t - 7 potions of heal wounds
 w - 3 potions of resistance
 x - a potion of cancellation
 D - 4 potions of mutation
 F - 3 potions of agility
Books
 A - a manual of Dodging
Miscellaneous
 X - a phial of floods
Comestibles
 e - 34 rations {!d}


   Skills:
 + Level 12.1(11.4) Fighting
 * Level 11.3(10.6) Dodging
 - Level 1.1(0.6) Stealth
 - Level 10.6(9.9) Shields
 + Level 14.2(13.4) Unarmed Combat
 - Level 10.0(9.3) Invocations


You had 15 spell levels left.
You didn't know any spells.
Your spell library contained the following spells:

 Spells                   Type           Power        Failure   Level  Hunger
 Apportation              Tloc           #.....       78%         1    None
 Infusion                 Chrm           #.......     78%         1    None
 Sandblast                Erth           #.....       78%         1    None
 Shock                    Conj/Air       #....        78%         1    None
 Slow                     Hex            #.......     78%         1    None
 Sting                    Conj/Pois      #...         78%         1    None
 Summon Butterflies       Summ           #.......     78%         1    None
 Corpse Rot               Necr           N/A          89%         2    ####...
 Static Discharge         Air            #.......     98%         3    #####..
 Stone Arrow              Conj/Erth      #.....       98%         3    #####..
 Fulminant Prism          Conj/Hex       #.........   100%        4    ######.
 Tree Form                Hex/Tmut       N/A          100%        4    ######.
 Iskenderun's Battlesphe  Conj/Chrm      #.......     100%        5    #######
 Summon Forest            Summ/Tloc      #.........   100%        5    #######
 Iron Shot                Conj/Erth      #.........   100%        6    #######
 Poison Arrow             Conj/Pois      #.........   100%        6    #######
 Summon Hydra             Summ           #.........   100%        6    #######


Dungeon Overview and Level Annotations

Branches:
Dungeon (10/12)            Temple (1/1) D:5            Lair (6/6) D:7
  Swamp (3/3) Lair:3        Snake (1/3) Lair:2        Slime (0/5) Lair:5
    Orc (1/1) D:10            Elf (0/3) Orc

Altars:
Ashenzari
Cheibriados
Dithmenos
Elyvilon
Fedhas
Gozag
Hepliaklqana
Kikubaaqudgha
Lugonu
Makhleb
Nemelex Xobeh
Okawaru
Qazlal
Ru
Sif Muna
Trog
Uskayaw
Vehumet
Wu Jian
Xom
Yredelemnul
Zin
The Shining One
Beogh
Jiyva

Shops:
Orc [(!=(

Annotations:
D:7 2 transporters, FIQ's ghost, novice GnAc
Lair:2 Agnes
Lair:3 exclusion: 3 oklob plants
Swamp:2 Bai Suzhen


Innate Abilities, Weirdness & Mutations

You cannot wear most types of armour.
Your thick skin is tough. (AC +11)
You are too large for most types of armour.
You have claws for hands.
Your flesh is cold resistant. (rC+)
Your metabolism is lightning-fast.
You like to eat raw meat.
You heal very quickly.


Message History

Agnes bows.
Agnes barely misses you.
Agnes hits you with a +3 vampiric lajatang!!
* * * LOW HITPOINT WARNING * * *
You emit a cloud of dark smoke.
You feel drained.
There is a staircase back to the Lair, spattered with blood here.
Your transformation is almost over.
Agnes hits you with a +3 vampiric lajatang!
* * * LOW HITPOINT WARNING * * *
You emit a cloud of dark smoke.
You feel drained.
Agnes hits you with a +3 vampiric lajatang!
* * * LOW HITPOINT WARNING * * *
You emit a cloud of dark smoke.
You feel drained.
You climb upwards.
Welcome back to the Lair of Beasts!
There is a staircase to the Snake Pit, spattered with blood here.
As you read the scroll of teleportation, it crumbles to dust.
You feel strangely unstable. You block Agnes's attack.
Agnes bows.
Agnes hits you with a +3 vampiric lajatang!!
You die...

#≈....≈#....#..#############...
#≈≈≈≈≈≈#.....### ##..
#P...PP#....[))### ##...
########.....#...# #....
#.....###...###### #....
#.....#.......##.#####....
##.....#.......#P...##.#...
#...........[.......###....
##........Wi(........P##...
#................#.....##..
#......#.......#.##...P##..
##.....#.......####...P....
##.....###...###.###...P.#. #
#.......##.......P.###..#..
#######.......##P##......####..#.
..#.P#.P......######P......###..(
...............##.####.#.....P...


You could see Agnes.

Vanquished Creatures
  Gastronok (Lair:3)
  3 thorn hunters
  Donald (Swamp:1)
  A frost giant (IceCv)
  An orc warlord (Orc)
  The ghost of JackS81 the Thaumaturge, a journeyman FrEE of Vehumet (Lair:6)
  Urug (Lair:6)
  Fannar (Lair:3)
  11 hydras
  A death knight (D:10)
  10 alligators
  A catoblepas (Lair:6)
  4 shambling mangroves
  2 ghost crabs
  3 two-headed ogres
  A deep troll shaman (Lair:6)
  7 death yaks
  2 naga sharpshooters (Lair:2)
  An orc high priest (Orc)
  A skeletal warrior (D:10)
  A spriggan druid (Swamp:3)
  8 swamp dragons
  2 death drakes (Swamp:2)
  A cyclops (D:10)
  2 lindwurms (Swamp:3)
  An oklob plant (Lair:2)
  A mana viper (Snake:1)
  An orc sorcerer (Orc)
  2 ice statues
  4 black mambas
  A torpor snail (Lair:6)
  26 elephants
  A gargoyle (D:9)
  The ghost of Banto the Cudgeler, a novice DgWn of Demigod (D:5)
  13 cane toads
  5 komodo dragons
  3 freezing wraiths
  5 trolls
  19 polar bears
  10 tyrant leeches
  3 bog bodies
  7 hornets
  10 slime creatures
  5 hippogriffs
  8 blink frogs
  2 wyverns
  A spriggan (Swamp:1)
  2 wraiths (D:10)
  48 yaks
  Sigmund (D:2)
  Grum (D:8)
  4 basilisks
  3 wargs (Orc)
  2 hungry ghosts
  5 nagas
  5 vampire mosquitoes
  11 swamp worms
  An acid dragon (D:10)
  6 water moccasins
  11 crocodiles
  11 porcupines
  8 swamp drakes
  24 orc warriors
  2 sky beasts
  6 ice beasts (Lair:3)
  A necrophage (D:7)
  A phantom (D:4)
  5 black bears
  5 centaurs
  5 ogres
  31 wolves
  16 bullfrogs
  2 big kobolds
  A wyvern skeleton (D:7)
  4 scorpions
  4 wights (D:6)
  5 howler monkeys
  2 bullfrog zombies (D:7)
  4 crimson imps
  21 orc priests
  2 jellies
  4 centaur skeletons
  8 hounds
  21 orc wizards
  An iguana (D:10)
  6 worker ants
  6 hell rats
  A killer bee zombie (D:5)
  A hound skeleton (D:7)
  9 adders
  A shadow imp (D:7)
  5 white imps (Lair:3)
  An ooze (D:2)
  2 adder skeletons
  3 worms
  2 dart slugs
  6 leopard geckos
  81 orcs
  A bat zombie (D:9)
  6 giant cockroaches
  7 goblins
  11 hobgoblins
  8 jackals
  15 kobolds
  4 quokkas
  2 ball pythons
  6 bats
  5 frilled lizards
  A jackal skeleton (D:5)
  3 rats
  2 rat zombies (D:9)
  A bush (Lair:6)
  A fungus (Lair:6)
  5 plants
693 creatures vanquished.

Vanquished Creatures (others)
  A naga sharpshooter (Snake:1)
  A lindwurm (Swamp:3)
  2 orc warriors (Orc)
  A wolf (IceCv)
  A bush (Lair:6)
  16 fungi
  29 plants
51 creatures vanquished.

Grand Total: 744 creatures vanquished

Notes
Turn   | Place    | Note
-------+----------+-------------------------------------------
     0 | D:1      | Faustar the Troll Monk began the quest for the Orb.
     0 | D:1      | Reached XP level 1. HP: 22/22 MP: 1/1
   279 | D:1      | Reached XP level 2. HP: 29/29 MP: 2/2
   631 | D:1      | Reached XP level 3. HP: 36/37 MP: 3/3
   896 | D:2      | Noticed Sigmund
  1098 | D:2      | Found a stormy altar of Qazlal.
  1104 | D:2      | Reached skill level 4 in Unarmed Combat
  1226 | D:2      | Killed Sigmund
  1226 | D:2      | Gained mutation: Your natural rate of healing is unusually
                  | fast. [Troll growth]
  1226 | D:2      | Reached XP level 4. HP: 43/48 MP: 4/4
  1226 | D:2      | Reached XP level 5. HP: 49/54 MP: 5/5
  1562 | D:3      | Reached skill level 5 in Unarmed Combat
  1963 | D:3      | Found a glowing golden altar of the Shining One.
  2256 | D:4      | Reached XP level 6. HP: 63/63 MP: 6/6
  2293 | D:4      | Noticed a sky beast
  2309 | D:4      | Killed a sky beast
  2386 | D:4      | Reached skill level 5 in Fighting
  2386 | D:4      | Reached skill level 6 in Unarmed Combat
  2386 | D:4      | Reached XP level 7. HP: 72/72 MP: 7/7
  2413 | D:4      | Found a sacrificial altar of Ru.
  2776 | D:5      | Entered Level 5 of the Dungeon
  2900 | D:5      | Reached skill level 7 in Unarmed Combat
  2932 | D:5      | Found a staircase to the Ecumenical Temple.
  2999 | D:5      | Reached XP level 8. HP: 83/83 MP: 8/8
  3121 | Temple   | Entered the Ecumenical Temple
  3205 | Temple   | Became a worshipper of Dithmenos the Shadowed
  3205 | Temple   | Reached * piety under Dithmenos
  3205 | Temple   | Reached ** piety under Dithmenos
  3388 | D:5      | Found a runed translucent gate.
  3389 | D:5      | Found a runed translucent gate.
  3390 | D:5      | Found a runed translucent gate.
  3390 | D:5      | Identified the +2 leather armour "Geuzuwni" {rC+ Dex+2
                  | SInv}
  3392 | D:5      | Noticed Banto's ghost (novice DgWn)
  3392 | D:5      | Identified the cursed +0 chain mail of Beogh's Generosity
                  | {rC++}
  3442 | D:5      | Found a hazy altar of Hepliaklqana.
  3614 | D:5      | Found a roughly hewn altar of Beogh.
  3694 | D:6      | Reached skill level 8 in Unarmed Combat
  3852 | D:6      | Found a hide-covered altar of Uskayaw.
  4050 | D:6      | Found a shimmering blue altar of Sif Muna.
  4272 | D:6      | Reached XP level 9. HP: 83/93 MP: 9/9
  4273 | D:6      | Reached skill level 9 in Unarmed Combat
  4714 | D:7      | Found a staircase to the Lair.
  4714 | D:7      | Noticed a komodo dragon
  4794 | D:7      | Reached *** piety under Dithmenos
  4804 | D:7      | Reached skill level 10 in Unarmed Combat
  4944 | D:7      | Identified the cursed +2 dire flail of the Snake Pit
                  | {freeze, +Rage Int+3}
  4946 | D:7      | Noticed FIQ's ghost (novice GnAc)
  4952 | D:7      | Found the +8 trident of the Octopus King {venom, rElec
                  | rPois MR+}
  4953 | D:7      | Found a transporter.
  4969 | D:7      | Got a glittering tin ring
  4971 | D:7      | Identified the ring of Teifiwo {Str+4 Stlth--} (You found
                  | it on level 7 of the Dungeon)
  4980 | D:7      | Found a transporter.
  5334 | D:8      | Noticed Grum
  5337 | D:8      | Noticed a two-headed ogre
  5355 | D:8      | Killed Grum
  5372 | D:8      | Reached XP level 10. HP: 96/107 MP: 10/10
  5390 | D:8      | Killed a two-headed ogre
  5390 | D:8      | Reached skill level 11 in Unarmed Combat
  5673 | D:8      | Found a corrupted altar of Lugonu.
  5916 | D:9      | Noticed a two-headed ogre
  5926 | D:9      | Killed a two-headed ogre
  5926 | D:9      | Reached skill level 10 in Fighting
  6063 | D:9      | Reached skill level 12 in Unarmed Combat
  6135 | D:9      | Noticed a gargoyle
  6154 | D:9      | Killed a gargoyle
  6210 | D:9      | Found an iron altar of Okawaru.
  6215 | D:9      | Reached **** piety under Dithmenos
  6233 | D:9      | Reached XP level 11. HP: 112/119 MP: 11/11
  6331 | D:9      | Found an ancient bone altar of Kikubaaqudgha.
  6796 | D:5      | Killed Banto's ghost
  6865 | Lair:1   | Entered Level 1 of the Lair of Beasts
  7484 | Lair:1   | Reached skill level 13 in Unarmed Combat
  7789 | Lair:2   | Reached skill level 1 in Shields
  7904 | Lair:2   | Found a staircase to the Snake Pit.
  7999 | Lair:2   | Got a transparent whip
  8584 | Lair:2   | Noticed an oklob plant
  8595 | Lair:2   | Killed an oklob plant
  8774 | Lair:3   | Reached ***** piety under Dithmenos
  8794 | Lair:3   | Noticed an oklob plant
  8817 | Lair:3   | Noticed a four-headed hydra
  8827 | Lair:3   | Killed a seven-headed hydra
  8827 | Lair:3   | Reached skill level 5 in Shields
  8827 | Lair:3   | Gained mutation: You heal very quickly. [Troll growth]
  8827 | Lair:3   | Reached XP level 12. HP: 114/130 MP: 12/12
  9107 | Lair:3   | Noticed Fannar
  9123 | Lair:3   | Killed Fannar
  9172 | Lair:3   | Found a staircase to the Swamp.
  9197 | Lair:3   | Noticed an eight-headed hydra
  9211 | Lair:3   | Killed a 15-headed hydra
  9674 | Lair:3   | Noticed Gastronok
  9750 | Lair:3   | Killed Gastronok
  9891 | Lair:4   | Reached XP level 13. HP: 135/137 MP: 13/13
 10042 | Lair:4   | Found a frozen archway.
 10084 | IceCv    | Entered an ice cave
 10247 | IceCv    | Reached skill level 10 in Shields
 10426 | IceCv    | Reached ****** piety under Dithmenos
 10450 | IceCv    | Reached skill level 5 in Dodging
 10569 | IceCv    | Noticed a frost giant
 10591 | IceCv    | Killed a frost giant
 10661 | IceCv    | Got a glittering tin ring
 10673 | IceCv    | Got a steaming short sword
 10686 | IceCv    | Identified the ring "Cioneb" {Ice Str-3 Int+5} (You found
                  | it in an ice cave)
 12068 | Lair:5   | Got a heavily runed golden ring
 12070 | Lair:5   | Identified the ring of Irikau {rC++ AC+5} (You found it on
                  | level 5 of the Lair of Beasts)
 12520 | Lair:5   | Found a viscous altar of Jiyva.
 12520 | Lair:5   | Found a staircase to the Slime Pits.
 12575 | Lair:6   | Entered Level 6 of the Lair of Beasts
 12801 | Lair:6   | Found a large runed translucent door.
 12801 | Lair:6   | Found a large runed translucent door.
 12838 | Lair:6   | Reached XP level 14. HP: 120/146 MP: 14/16
 12863 | Lair:6   | Noticed JackS81's ghost (journeyman FrEE)
 12919 | Lair:6   | Killed JackS81's ghost
 12996 | Lair:6   | Reached skill level 5 in Invocations
 13003 | Lair:6   | Identified a scroll of acquirement
 13018 | Lair:6   | Identified the amulet of Enwetesch {Faith rPois Str-4
                  | Dex+3} (You acquired it on level 6 of the Lair of Beasts)
 13184 | Lair:6   | Noticed Urug
 13210 | Lair:6   | Killed Urug
 14142 | Lair:6   | Got a jewelled hand axe
 14581 | D:10     | Entered Level 10 of the Dungeon
 15262 | D:10     | Found a staircase to the Orcish Mines.
 15359 | D:10     | Reached skill level 10 in Dodging
 15506 | Orc      | Entered the Orcish Mines
 15596 | Orc      | Found a roughly hewn altar of Beogh.
 15597 | Orc      | Found Mutwuoqe's Antique Weapon Shoppe.
 15682 | Orc      | Found a roughly hewn altar of Beogh.
 15682 | Orc      | Found Qaruh's Distillery.
 15961 | Orc      | Found a roughly hewn altar of Beogh.
 15970 | Orc      | Found Hemuveimeo's Jewellery Emporium.
 16068 | Orc      | Found a staircase to the Elven Halls.
 16293 | Orc      | Found a roughly hewn altar of Beogh.
 16558 | Orc      | Noticed an orc warlord
 16651 | Orc      | Killed an orc warlord
 16882 | Orc      | Found a roughly hewn altar of Beogh.
 16882 | Orc      | Found Dyrext's Antique Armour Boutique.
 16888 | Orc      | Found Talleil's Antique Weapon Shop.
 16957 | Orc      | Found a roughly hewn altar of Beogh.
 17295 | Swamp:1  | Entered Level 1 of the Swamp
 17456 | Swamp:1  | Reached XP level 15. HP: 153/153 MP: 20/20
 17580 | Swamp:1  | Noticed Donald
 17597 | Swamp:1  | Killed Donald
 17861 | Swamp:1  | Got an ancient lead amulet
 17862 | Swamp:1  | Identified the cursed amulet of Aqilir {Inacc rF+ rC+ MR-}
                  | (You found it on level 1 of the Swamp)
 17978 | Swamp:1  | Noticed a thorn hunter
 17990 | Swamp:1  | Killed a thorn hunter
 18034 | Swamp:1  | Noticed a thorn hunter
 18054 | Swamp:1  | Killed a thorn hunter
 18399 | Swamp:2  | Reached skill level 10 in Invocations
 18451 | Swamp:2  | Identified the +4 hand axe "Yjypevidd" {chop, rN+} (You
                  | found it on level 6 of the Lair of Beasts)
 18452 | Swamp:2  | Identified the cursed +1 whip "Diaces" {drain, Dex+2} (You
                  | found it on level 2 of the Lair of Beasts)
 18891 | Swamp:2  | Noticed a thorn hunter
 18913 | Swamp:2  | Killed a thorn hunter
 19218 | Swamp:3  | Entered Level 3 of the Swamp
 19372 | Swamp:3  | Noticed Bai Suzhen
 19903 | Swamp:3  | Reached skill level 14 in Unarmed Combat
 20023 | Swamp:3  | Identified the Catalogue of Destructive Weightlessness
 20043 | Swamp:3  | Got a decaying rune of Zot
 20442 | Snake:1  | Entered Level 1 of the Snake Pit
 20632 | Snake:1  | Gained mutation: Your flesh is cold resistant. (rC+) [Troll
                  | growth]
 20632 | Snake:1  | Reached XP level 16. HP: 165/165 MP: 22/22
 20648 | Snake:1  | Noticed Agnes
 20703 | Snake:1  | HP: 5/165 [Agnes/+3 vampiric lajatang (4)]
 20706 | Lair:2   | Slain by Agnes

Skill      XL: |  1  2  3  4  5  6  7  8  9 10 11 12 13 14 15 |
---------------+----------------------------------------------+-----
Fighting       | 3 4 5 6 7 9 10 11 12 | 12.1
Unarmed Combat | 4 5 6 7 8 10 12 13 14 | 14.2
Shields        | 5 9 10 | 10.6
Dodging        | 7 10 11 | 11.3
Invocations    | 4 9 10 | 10.0
Stealth        | |  1.1

Action                   |  1- 3 |  4- 6 |  7- 9 | 10-12 | 13-15 | 16-18 || total
-------------------------+-------+-------+-------+-------+-------+-------++-------
Melee: Unarmed           |   115 |    74 |   309 |   496 |  1772 |    46 ||  2812
       Punch             |     1 |     2 |    22 |    38 |     5 |       ||    68
Invok: Shadow Form       |       |       |       |       |     2 |     1 ||     3
 Abil: End Transformatio |       |       |       |       |     2 |       ||     2
Evoke: Wand              |       |       |     1 |    29 |    16 |       ||    46
  Use: Scroll            |     1 |       |     3 |    18 |    18 |     1 ||    41
       Potion            |     1 |       |       |     1 |     4 |     1 ||     7
 Stab: Sleeping          |     4 |       |     2 |     6 |     4 |       ||    16
       Distracted        |       |       |       |     1 |     3 |       ||     4
       Confused          |       |       |       |       |     5 |       ||     5
       Petrified         |       |       |       |       |     5 |       ||     5
  Eat: Chunk             |    15 |     4 |    30 |    41 |    92 |       ||   182
       Ration            |       |       |       |       |     1 |       ||     1
Armor: Skin              |    40 |    20 |    68 |   158 |   555 |     3 ||   844
Dodge: Dodged            |    46 |    17 |   139 |   202 |   644 |     9 ||  1057
Block: Other             |     1 |    15 |    45 |   105 |    26 |       ||   192
       Reflection        |       |       |     1 |     2 |    29 |       ||    32
       Medium shield     |       |       |       |       |  1296 |    31 ||  1327
       Large shield      |       |       |       |       |    31 |       ||    31
